 Dungeon Crawl Stone Soup version 0.28-a0-1555-g9ae15a6949 (webtiles) character file.

Game seed: 13327029180221155627

14 psuckher the Sneak (level 2, 0/25 HPs)
             Began as a Barachi Delver on Jan 18, 2022.
             Slain by an orc wizard (4 damage)
             ... on level 5 of the Dungeon.
             The game lasted 00:01:41 (149 turns).

psuckher the Sneak (Barachi Delver)                  Turns: 149, Time: 00:01:41

Health: 0/25       AC:  3    Str: 13    XL:     2   Next: 41%
Magic:  2/2        EV: 12    Int: 10    God:
Gold:   0          SH:  0    Dex: 13    Spells: 1/1 levels left

rFire   . . .      SeeInvis .   a - +0 short sword
rCold   . . .      Faith    .   (no shield)
rNeg    . . .      Spirit   .   b - +0 leather armour
rPois   .          Reflect  .   (no helmet)
rElec   .          Harm     .   (no cloak)
rCorr   .          Rampage  .   (no gloves)
Will    .....                   (no boots)
Stlth   +++.......              (no amulet)
HPRegen 0.08/turn               (no ring)
MPRegen 0.08/turn               (no ring)

@: slow
A: amphibious, slowness 1, strong legs 1, +LOS
a: Hop


You were on level 5 of the Dungeon.
You visited 1 branch of the dungeon, and saw 1 of its levels.

Inventory:

Hand Weapons
 a - a +0 short sword (weapon)
Armour
 b - a +0 leather armour (worn)
Wands
 g - a wand of digging (2)
Scrolls
 c - a scroll of fog
 d - a scroll of magic mapping
 e - a scroll of fear
Potions
 f - a potion of haste


   Skills:
 + Level 3.7 Fighting
 + Level 2.3 Short Blades
 + Level 2.2 Dodging
 + Level 5.0 Stealth


You had one spell level left.
You didn't know any spells.
Your spell library was empty.

Dungeon Overview and Level Annotations

Branches:
Dungeon (5/15)
 Temple: D:4-7

Altars:
Ru
Uskayaw


Innate Abilities, Weirdness & Mutations

You are amphibious.
You cover ground slowly.
You can hop short distances.
You have an extended range of vision and can be seen from far away.


Message History

A water moccasin zombie comes into view.
There is an open door here.
An orc priest comes into view. It is wielding a +0 flail.
The orc priest moves out of view.
An orc wizard comes into view. It is wielding a +0 dagger.
The orc wizard shouts!
An orc comes into view. It is wielding a +0 whip.
There is an open door here.
You see here a +0 hand axe.
You close the door.
An orc wizard opens the door.
The orc wizard gestures wildly while chanting.
The orc wizard flickers and vanishes!
Deactivating autopickup; reactivate with Ctrl-A.
You hear some strange, mumbled words.
A magic dart appears from out of thin air!
The magic dart hits you.
You hit something. Something hits you.
You miss something.
The orc shouts!
You hear a shout!
Something hits you but does no damage.
You hit something. Something hits you but does no damage.
You closely miss something. Something completely misses you.
You closely miss something. Something hits you.
You barely miss something.
You hear some strange, mumbled words.
You are confused.
You miss something. Something barely misses you.
You miss something. Something hits you but does no damage.
You barely miss something. Something hits you.
You completely miss something. Something hits you.
You feel less confused.
A magic dart appears from out of thin air!
The magic dart hits you!
* * * LOW HITPOINT WARNING * * *
Something hits you.
* * * LOW HITPOINT WARNING * * *
You closely miss something. Something hits you but does no damage.
You hit something. Something hits you.
You die...

########## ###
#........#######
#...####.######........
#...@{o....##..#####.
#...####o###.#...#####.
##. #.###.....>..##. #
#.........##..[.
#..###...[#####. ##+#
##.#....... #.########
#)# ##'##


You could see an orc priest and an orc.

Vanquished Creatures
  A hound zombie (D:5)
1 creature vanquished.

Notes
Turn   | Place    | Note
-------+----------+-------------------------------------------
     0 | D:5      | psuckher the Barachi Delver began the quest for the Orb.
     0 | D:5      | Reached XP level 1. HP: 18/18 MP: 1/1
   107 | D:5      | Reached skill level 5 in Stealth
   107 | D:5      | Reached XP level 2. HP: 21/25 MP: 2/2
   149 | D:5      | Slain by an orc wizard

Illustrated notes

Levels and vault maps discovered:
D:5:      layout_loops_corners, nicolae_overflow_hidden_temple, serial_rivers,
          chequers_serial_rivers_room_b, chequers_serial_rivers_room_a,
          chequers_serial_rivers_room_b, chequers_serial_rivers_micro_a,
          chequers_serial_rivers_small_b, uniq_sigmund

Skill      XL: |  1 |
---------------+----+-----
Stealth        | 5 |  5.0
Fighting       | |  3.7
Short Blades   | |  2.3
Dodging        | |  2.2

Action                   || total
-------------------------++-------
Melee: Short sword       ||    22
Evoke: Wand              ||     1
Armor: Leather armour    ||     5
Dodge: Dodged            ||    11

Table legend: (Time is in decaauts)
 A = Elapsed time spent in this place.
 B = Non-inter-level travel time spent in this place.
 C = Inter-level travel time spent in this place.
 D = Time resting spent in this place.
 E = Time spent auto-exploring this place.
 F = Levels seen in this place.
 G = Mean time per level.
                   A        B        C        D        E       F      G
               +--------+--------+--------+--------+--------+-----+--------+
         Total |    173 |    161 |     12 |      0 |      0 |   1 |  173.0 |
       Dungeon |    173 |    161 |     12 |      0 |      0 |   1 |  173.0 |
               +--------+--------+--------+--------+--------+-----+--------+

Top non-repeatable levels by time:
     D:5: 173 daAuts
